 Dungeon Crawl Stone Soup version 0.29-a0-320-g9f8742066b (webtiles) character file.

Game seed: 1730484674558565578

63 sokol815 the Chopper (level 4, 0/35 HPs)
             Began as a Formicid Monk on Apr 2, 2022.
             Was a Priest of Elyvilon.
             Succumbed to a water moccasin's poison
             ... on level 4 of the Dungeon.
             The game lasted 00:05:39 (2637 turns).

sokol815 the Chopper (Formicid Monk)                Turns: 2637, Time: 00:05:40

Health: 0/35       AC:  9    Str: 19    XL:     4   Next: 31%
Magic:  4/4        EV: 11    Int: 11    God:    Elyvilon [***...]
Gold:   120        SH:  0    Dex: 13    Spells: 3/3 levels left

rFire   . . .      SeeInvis +   a - +0 hand axe
rCold   . . .      Faith    .   (no shield)
rNeg    . . .      Spirit   .   e - +0 ring mail
rPois   .          Reflect  .   (helmet unavailable)
rElec   .          Harm     .   (no cloak)
rCorr   .          Rampage  .   n - +2 pair of gloves {Str+3}
Will    .....                   i - +0 pair of boots
Stlth   +.........              (no amulet)
HPRegen 0.11/turn               (no ring)
MPRegen 0.09/turn               (no ring)

@: lethally poisoned (0 -> -5)
A: permanent stasis, dig shafts and tunnels, antennae 3, four strong arms
a: Dig, Shaft Self, Renounce Religion, Purification, Heal Other, Heal Self


You were on level 4 of the Dungeon.
You worshipped Elyvilon.
Elyvilon was most pleased with you.
You visited 1 branch of the dungeon, and saw 4 of its levels.

You collected 120 gold pieces.

Inventory:

Hand Weapons
 a - a +0 hand axe (weapon)
 o - a +4 short sword
   (You took it off a kobold on level 1 of the Dungeon)
Missiles
 s - 75 stones (quivered)
Armour
 b - a +0 robe
 e - a +0 ring mail (worn)
   (You found it on level 1 of the Dungeon)
 i - a +0 pair of boots (worn)
   (You found it on level 3 of the Dungeon)
 n - a +2 pair of gloves of strength (worn)
   (You found it on level 1 of the Dungeon)
Magical Staves
 t - a staff of poison {rPois}
   (You found it on level 2 of the Dungeon)
Scrolls
 V - a scroll of vulnerability {!r!r}
Potions
 c - a potion of might {unknown}
 d - 2 potions of cancellation {unknown}
 f - a potion of heal wounds {unknown}
 g - a potion of magic {unknown}
 h - a potion of attraction {unknown}
 k - a potion of experience {unknown}
 m - a potion of brilliance {unknown}
 q - 2 potions of flight {unknown}
 G - 2 potions of ambrosia {!q}
 J - 5 potions of curing {@q1}


   Skills:
 + Level 3.5 Fighting
 * Level 4.5 Axes
 - Level 2.6 Dodging
 - Level 2.4 Stealth
 * Level 1.0 Invocations


You had 3 spell levels left.
You didn't know any spells.
Your spell library contained the following spells:

 Spells                   Type           Power      Damage    Failure   Level
 Freeze                   Ice            0%         1d3       52%         1
 Sandblast                Erth           0%         2d4       52%         1
 Passwall                 Tmut/Erth      0%         N/A       67%         2
 Frozen Ramparts          Ice            0%         1d2       88%         3
 Stone Arrow              Conj/Erth      0%         3d7       88%         3
 Hailstorm                Conj/Ice       0%         3d3       99%         4


Dungeon Overview and Level Annotations

Branches:
Dungeon (4/15)
 Temple: D:4-7

Altars:
Cheibriados
Elyvilon
Gozag
Sif Muna
Uskayaw
Yredelemnul


Innate Abilities, Weirdness & Mutations

You cannot be hasted, slowed, berserked, paralysed or teleported.
You can dig through walls and to a lower floor.
You have a pair of large antennae on your head. (SInv)
Your four strong arms can wield two-handed weapons with a shield.


Message History

No target in view!
g - a scroll labelled DARUYSCH UNWU You now have 120 gold pieces (gained 40).
You see here a hobgoblin corpse.
As you read the scroll labelled DARUYSCH UNWU, it crumbles to dust.
You feel aware of your surroundings.
It was a scroll of magic mapping.
There is a stone staircase leading up here.
g - a brown potion
Okay, then.
Okay, then.
A rat comes into view.
You barely miss the rat. The rat bites you but does no damage.
You closely miss the rat. The rat closely misses you.
You hit the rat.
You kill the rat!
No target in view!
No target in view!
You see here a rat corpse.
i - a +0 pair of boots You start putting on your armour.
You continue putting on your +0 pair of boots. x4
You finish putting on your +0 pair of boots.
j - a scroll labelled TIAHUY MAARA
As you read the scroll labelled TIAHUY MAARA, it crumbles to dust.
It is a scroll of amnesia.
You feel forgetful for a moment.
Done exploring.
(D) Dungeon
Where to? (Enter - D:3, ? - help)
There is a stone staircase leading down here.
You climb downwards.
You hear the sound of rushing water.
There is an entrance to a sewer on this level.
Hurry and find it before the portal rusts away!
There is a stone staircase leading up here.
Okay, then.
A water moccasin comes into view.
The water moccasin hisses angrily.
The water moccasin moves out of view.
An endoplasm comes into view.
You see here a book of Frost.
You pick up a book of Frost and begin reading...
You add the spells Freeze, Frozen Ramparts and Hailstorm to your library.
Okay, then.
You aren't carrying any items that you can evoke.
You throw a stone.
The stone completely misses the water moccasin.
You closely miss the water moccasin. The water moccasin bites you.
You take 6 damage, and have 29/35 hp.
You hit the water moccasin. You punch the water moccasin.
The water moccasin bites you.
The water moccasin bites you but does no damage.
You take 2 damage, and have 27/35 hp.
You closely miss the water moccasin.
The water moccasin bites you but does no damage.
You barely miss the water moccasin. The water moccasin closely misses you.
The water moccasin barely misses you.
You hit the water moccasin.
The water moccasin bites you but does no damage.
You hit the water moccasin.
The water moccasin bites you but does no damage.
The water moccasin closely misses you.
You closely miss the water moccasin. The water moccasin misses you.
You barely miss the water moccasin. The water moccasin bites you. x2
You are poisoned.
The water moccasin poisons you!
You take 5 damage, and have 23/35 hp.
You closely miss the water moccasin.
You feel very sick. The water moccasin bites you.
The water moccasin bites you but does no damage.
You take 10 damage, and have 13/35 hp.
MASSIVE DAMAGE!!
You closely miss the water moccasin.
* * * LOW HITPOINT WARNING * * *
You feel very sick.
The water moccasin completely misses you.
Unknown command.
You take 3 damage, and have 10/35 hp.
Unknown command.
You hit the water moccasin. You hit the endoplasm.
* * * LOW HITPOINT WARNING * * *
You feel very sick.
The water moccasin bites you but does no damage.
The endoplasm freezes you.
You are frozen.
* * * LOW HITPOINT WARNING * * *
The water moccasin bites you but does no damage.
You take 7 damage, and have 3/35 hp.
You completely miss the water moccasin. You hit the endoplasm but do no damage.
* * * LOW HITPOINT WARNING * * *
You feel sick.
The water moccasin bites you but does no damage.
The endoplasm freezes you.
You are frozen.
Elyvilon protects you from harm!
Unknown command.
You take 2 damage, and have 1/35 hp.
Unknown command.
You closely miss the water moccasin. You hit the endoplasm but do no damage.
You die...

#.. #.# . #.# #.####
#.# .....##.#
#S.....###########..
#..#.#............
### #..(.....S@#
.....#....#...#J#
.......<....#...#
######........#.#
##.......#.#
#.####..##. #.# ...#
.# ... ...## .# #.#


You could see a water moccasin and an endoplasm.

Vanquished Creatures
  A worm (D:2)
  2 dart slugs (D:2)
  8 ball pythons
  8 bats
  5 endoplasms
  2 giant cockroaches
  7 goblins
  3 hobgoblins
  A quokka (D:1)
  7 frilled lizards
  2 kobolds (D:1)
  9 rats
55 creatures vanquished.

Vanquished Creatures (others)
  3 plants (D:1)
  11 withered plants (D:1)
14 creatures vanquished.

Grand Total: 69 creatures vanquished

Notes
Turn   | Place    | Note
-------+----------+-------------------------------------------
     0 | D:1      | sokol815 the Formicid Monk began the quest for the Orb.
     0 | D:1      | Reached XP level 1. HP: 18/18 MP: 1/1
   329 | D:1      | Reached XP level 2. HP: 23/24 MP: 2/2
   691 | D:1      | Reached skill level 4 in Axes
   691 | D:1      | Reached XP level 3. HP: 29/29 MP: 3/3
  1023 | D:1      | Found a faded altar of an unknown god.
  1066 | D:1      | Prayed at the altar of an unknown god.
  1066 | D:1      | Became a worshipper of Elyvilon the Healer
  1066 | D:1      | Reached * piety under Elyvilon
  1066 | D:1      | Reached ** piety under Elyvilon
  1719 | D:2      | Reached *** piety under Elyvilon
  1856 | D:2      | Reached XP level 4. HP: 31/34 MP: 4/4
  1923 | D:2      | Found a basalt altar of Yredelemnul.
  2290 | D:3      | Found a white marble altar of Elyvilon.
  2291 | D:3      | Found an opulent altar of Gozag.
  2297 | D:3      | Found a shimmering blue altar of Sif Muna.
  2298 | D:3      | Found a snail-covered altar of Cheibriados.
  2313 | D:3      | Found a hide-covered altar of Uskayaw.
  2360 | D:3      | Reached skill level 1 in Invocations
  2615 | D:4      | Noticed a water moccasin
  2635 | D:4      | HP: 7/35 [poisoned by a water moccasin]
  2635 | D:4      | HP: 3/35 [frozen (4)]
  2636 | D:4      | HP: 1/35 [poisoned by a water moccasin]
  2636 | D:4      | Elyvilon protects you from harm!
  2637 | D:4      | Succumbed to a water moccasin's poison

Illustrated notes

Levels and vault maps discovered:
D:1:      minmay_arrival_arboretum_small, layout_loops_ring,
          shapermc_ecumenical_altar_flowoftime, lemuel_old_faithful
D:2:      layout_loops_ring, basic_altar
D:3:      layout_basic, grunt_temple_overflow_open, st_stairs_1
D:4:      layout_basic, portal_sewer_entry_e

Skill      XL: |  1  2  3  4 |
---------------+-------------+-----
Axes           | 4 |  4.5
Invocations    | 1 |  1.0
Fighting       | |  3.5
Dodging        | |  2.6
Stealth        | |  2.4

Action                   |  1- 3 |  4- 6 || total
-------------------------+-------+-------++-------
Melee: Hand axe          |   138 |    56 ||   194
       Punch             |     1 |     1 ||     2
Throw: Stone             |     4 |     1 ||     5
 Abil: Dig               |     1 |       ||     1
  Use: Scroll            |     3 |     7 ||    10
 Stab: Sleeping          |     2 |       ||     2
Armor: Ring mail         |    31 |    38 ||    69
       Robe              |     4 |       ||     4
Dodge: Dodged            |    80 |    37 ||   117

Table legend: (Time is in decaauts)
 A = Elapsed time spent in this place.
 B = Non-inter-level travel time spent in this place.
 C = Inter-level travel time spent in this place.
 D = Time resting spent in this place.
 E = Time spent auto-exploring this place.
 F = Levels seen in this place.
 G = Mean time per level.
                   A        B        C        D        E       F      G
               +--------+--------+--------+--------+--------+-----+--------+
         Total |   2657 |   2594 |     63 |    117 |   1951 |   4 |  664.2 |
       Dungeon |   2657 |   2594 |     63 |    117 |   1951 |   4 |  664.2 |
               +--------+--------+--------+--------+--------+-----+--------+

Top non-repeatable levels by time:
     D:1: 1219 daAuts
     D:2: 901 daAuts
     D:3: 512 daAuts
     D:4: 23 daAuts

Table legend:
 A = Kills in this place as a percentage of kills in entire the game.
 B = Kills by you in this place as a percentage of kills by you in the entire game.
 C = Kills by friends in this place as a percentage of kills by friends in the entire game.
 D = Other kills in this place as a percentage of other kills in the entire game.
 E = Experience gained in this place as a percentage of experience gained in the entire game.
 F = Experience gained in this place divided by the number of levels of this place that you have seen.
                   A       B       C       D       E      F
               +-------+-------+-------+-------+-------+----------------------
         Total | 100.0 | 100.0 |   N/A |   N/A | 100.0 |  22.8
       Dungeon | 100.0 | 100.0 |   N/A |   N/A | 100.0 |  22.8
               +-------+-------+-------+-------+-------+----------------------
